 Dungeon Crawl Stone Soup version 0.17-a0-1691-g18a3847 (webtiles) character file.

73 Liatris the Sneak (level 4, -4/33 HPs)
             Began as a Vampire Assassin on Aug 20, 2015.
             Slain by a giant frog (8 damage)
             ... on level 4 of the Dungeon.
             The game lasted 00:05:06 (1637 turns).

Liatris the Sneak (Vampire Assassin)                Turns: 1637, Time: 00:05:07

Health: -4/33      AC:  3    Str: 10    XL:     4   Next: 8%
Magic:  4/4        EV: 13    Int: 13    God:
Gold:   128        SH:  0    Dex: 16    Spells: 0 memorised, 3 levels left

rFire  . . .     SeeInvis +     a - +2 dagger
rCold  + . .     Clarity  .     c - +0 robe
rNeg   + + .     SustAt   .     (no shield)
rPois  +         Gourm    .     (no helmet)
rElec  .         Spirit   .     d - +0 cloak
rCorr  .         Warding  .     (no gloves)
rMut   .         Stasis   .     (no boots)
MR     .....                    (no amulet)
Stlth  ++++......               (no ring)
                                (no ring)

@: regenerating slowly, not resistant to hostile enchantments, stealthy
A: fangs 3, see invisible, unbreathing
a: Bat Form


You were on level 4 of the Dungeon.
You were very thirsty.

You visited 1 branch of the dungeon, and saw 4 of its levels.

You collected 128 gold pieces.

Inventory:

Hand weapons
 a - a +2 dagger (weapon)
 b - a +0 blowgun
Missiles
 e - 8 poisoned needles
 f - 9 curare-tipped needles
Armour
 c - a +0 robe (worn)
 d - a +0 cloak (worn)
Scrolls
 h - 2 scrolls of teleportation {unknown}
 j - 4 scrolls of identify {unknown}
 k - a scroll of immolation {unknown}
 m - a scroll of amnesia {unknown}
 q - a scroll of noise {unknown}
 r - a scroll of enchant weapon {unknown}
 s - a scroll of remove curse {unknown}
Potions
 g - a potion of blood
 i - a potion of flight {unknown}
 l - 2 potions of brilliance {unknown}
 n - 2 potions of heal wounds {unknown}
 o - a potion of poison {unknown}
 p - a potion of curing {unknown}


   Skills:
 + Level 2.1 Fighting
 + Level 2.5 Short Blades
 + Level 1.6 Throwing
 + Level 2.4 Dodging
 + Level 7.3 Stealth


You had 3 spell levels left.
You didn't know any spells.

Dungeon Overview and Level Annotations

Branches:
Dungeon (4/15)
 Temple: D:4-7

Altars:
Elyvilon

Annotations:
D:2 Robin
D:3 BobbyTwoHands's ghost, average HESk


Innate Abilities, Weirdness & Mutations

You heal slowly.
You have razor-sharp teeth.
You have supernaturally acute eyesight.
You can survive without breathing.


Message History

BobbyTwoHands's ghost hits you.
You climb downwards.
A giant frog and a worm come into view.
Found a trident.
Found a stone staircase leading up.
There is a stone staircase leading up here.
Found a tiny diamond amulet.
The giant frog misses you.
You hit the giant frog. Your bite misses the giant frog.
The giant frog is lightly wounded.
The giant frog hits you.
You hit the giant frog. You bite the giant frog.
The giant frog is moderately wounded.
The giant frog hits you. x2
You hit the giant frog.
The giant frog is heavily wounded.
The worm bites you! The giant frog hits you!
* * * LOW HITPOINT WARNING * * *
The giant frog completely misses you. The giant frog hits you!
You die...

.........
#........
#......#
#......##
#.......#
##.......###
#..........##
##..)..w.F@..#
#".......<...#
....#..<....##.#
.. ##......# #
##.....# ##....#
#....# ##...#
#....


You could see a giant frog and a worm.

Vanquished Creatures
  3 adders (D:3)
  2 orcs (D:3)
  6 bats
  3 giant cockroaches
  6 hobgoblins
  3 kobolds
  A giant gecko (D:1)
  2 giant newts (D:1)
  11 goblins
  5 rats
42 creatures vanquished.

Notes
Turn   | Place    | Note
--------------------------------------------------------------
     0 | D:1      | Liatris the Vampire Assassin began the quest for the Orb.
     0 | D:1      | Reached XP level 1. HP: 16/16 MP: 1/1
    50 | D:1      | Reached skill level 6 in Stealth
   257 | D:1      | Reached XP level 2. HP: 16/22 MP: 2/2
   703 | D:2      | Noticed Robin
   715 | D:2      | Reached XP level 3. HP: 14/27 MP: 3/3
  1238 | D:3      | Reached skill level 7 in Stealth
  1356 | D:3      | Found a white marble altar of Elyvilon.
  1371 | D:3      | Reached XP level 4. HP: 33/33 MP: 4/4
  1548 | D:3      | Noticed BobbyTwoHands's ghost (average HESk)
  1627 | D:4      | Noticed a giant frog
  1637 | D:4      | Slain by a giant frog

Vault maps used:
D:1:      dpeg_arrival_rhombi
D:2:      nicolae_ru_sacrificial_ziggurat, uniq_robin, uniq_iyjb
D:3:      lemuel_round_altar
D:4:      serial_shops, nicolae_shop_crystal, kennysheep_generic_room_11

Action                   |  1- 3 |  4- 6 || total
-------------------------+-------+-------++-------
Melee: Dagger            |   107 |     6 ||   113
 Stab: Sleeping          |    15 |       ||    15
